 Dungeon Crawl Stone Soup version 0.28-a0-1567-g1695149f81 (webtiles) character file.

Game seed: 13208418898438995268

116 hashsling the Conjurer (level 5, -4/30 HPs)
             Began as a Tengu Conjurer on Jan 19, 2022.
             Killed by nerve-wracking pain
             ... invoked by Grinder
              (13 damage)
             ... on level 3 of the Dungeon.
             The game lasted 00:05:51 (2879 turns).

hashsling the Conjurer (Tengu Conjurer)             Turns: 2879, Time: 00:05:52

Health: -4/30      AC:  4    Str:  7 (8)  XL:     5   Next: 1%
Magic:  10/10      EV: 14    Int: 19 (20) God:
Gold:   82         SH:  5    Dex: 10 (12) Spells: 6/9 levels left

rFire   . . .      SeeInvis .   i - +0 war axe
rCold   . . .      Faith    .   (no shield)
rNeg    . . .      Spirit   .   q - +0 leather armour
rPois   .          Reflect  +   (helmet restricted)
rElec   .          Harm     .   t - +0 cloak
rCorr   .          Rampage  .   (no gloves)
Will    +....                   (boots unavailable)
Stlth   +.........              f - amulet of reflection
HPRegen 0.10/turn               c - ring of willpower
MPRegen 0.12/turn               (no ring)

@: attractive, flying quickly and evasively, quick
A: beak, talons 3, nimble flight
a: no special abilities


You were on level 3 of the Dungeon.
You visited 1 branch of the dungeon, and saw 3 of its levels.

You collected 110 gold pieces.
You spent 28 gold pieces at shops.

Inventory:

Hand Weapons
 i - a +0 war axe (weapon)
Armour
 a - a +0 robe
 q - a +0 leather armour (worn)
 t - a +0 cloak (worn)
Jewellery
 c - a ring of willpower (left hand)
 f - an amulet of reflection (around neck)
Wands
 o - a wand of digging (5)
 s - a wand of polymorph (1)
Scrolls
 b - 2 scrolls of identify
 d - 2 scrolls of enchant weapon {unknown}
 g - a scroll of immolation {unknown}
 h - a scroll of enchant armour {unknown}
 k - a scroll of noise {unknown}
 m - a scroll of teleportation {unknown}
 n - a scroll of brand weapon {unknown}
Potions
 e - a potion of mutation
 p - a potion of flight {unknown}
 r - a potion of ambrosia {unknown}


   Skills:
 + Level 1.6 Fighting
 + Level 3.1 Dodging
 - Level 2.0 Stealth
 + Level 2.6 Spellcasting
 * Level 6.5 Conjurations


You had 6 spell levels left.
You knew the following spells:

 Your Spells              Type           Power      Damage    Failure   Level
a - Magic Dart            Conj           100%       1d8       1%          1
b - Searing Ray           Conj           54%        2d6       2%          2

Your spell library contained the following spells:

 Spells                   Type           Power      Damage    Failure   Level
 Dazzling Flash           Conj/Hex       30%        N/A       19%         3
 Fulminant Prism          Conj/Hex       7%         3d7       52%         4
 Iskenderun's Mystic Bla  Conj/Tloc      15%        2d5       52%         4
 Gell's Gravitas          Tloc           2%         N/A       56%         3
 Lesser Beckoning         Tloc           2%         N/A       56%         3
 Teleport Other           Tloc           2%         N/A       56%         3


Dungeon Overview and Level Annotations

Branches:
Dungeon (3/15)

Altars:

Shops:
D:2 *

Annotations:
D:3 Grinder


Innate Abilities, Weirdness & Mutations

You have a beak for a mouth.
You have claws for feet.
Your magical nature lets you fly swiftly and evasively.


Message History

t - a +0 cloak
Okay, then.
You start putting on your armour.
You continue putting on your +0 cloak. x4
You finish putting on your +0 cloak.
There is an open translucent door, spattered with blood here.
You see here a +2 quarterstaff of chaos.
There is an open door here.
Things that are here:
a +0 club; a +0 club An endoplasm comes into view.
Found 13 gold pieces.
The endoplasm quivers.
You hit the endoplasm. You peck the endoplasm.
The endoplasm is moderately wounded.
You block the endoplasm's attack.
The endoplasm hits you but does no damage.
You hit the endoplasm.
You kill the endoplasm!
You now have 82 gold pieces (gained 13).
Grinder comes into view.
Grinder shouts!
Grinder blinks!
Grinder moves out of view.
Grinder is nearby!
Grinder gestures at you.
You suddenly lose the ability to move!
Grinder gestures at you. Pain shoots through your body!
Grinder gestures at you. Pain shoots through your body!
* * * LOW HITPOINT WARNING * * *
You can move again.
It was a potion of attraction.
You feel attractive to monsters. Grinder is attracted toward you.
It was a potion of degeneration.
There was something very wrong with that liquid.
You feel weakened.
You feel dopey.
You feel clumsy. Grinder gestures at you. Pain shoots through your body!
You die...

#≈≈ ≈..# ≈≈≈≈ ...#
≈≈≈≈≈ ...#
≈≈≈≈###≈.5# .
#≈≈#...#..# .⌠
#..#.⌠.#.§#
..#..#...#..#
##....###...#
.......@5...#
.#########.#####.#
.................#
##########.#######
#.# #.# #.# #.#
P.#########.#


You could see Grinder.

Vanquished Creatures
  Crazy Yiuf (D:3)
  Robin (D:3)
  An adder (D:3)
  2 dart slugs
  3 orcs (D:3)
  An endoplasm (D:3)
  A giant cockroach (D:2)
  13 goblins
  10 hobgoblins
  3 jackals (D:2)
  2 quokkas
  2 ball pythons
  4 bats
  4 frilled lizards
  6 kobolds
  4 rats
58 creatures vanquished.

Notes
Turn   | Place    | Note
-------+----------+-------------------------------------------
     0 | D:1      | hashsling the Tengu Conjurer began the quest for the Orb.
     0 | D:1      | Reached XP level 1. HP: 10/10 MP: 4/4
   244 | D:1      | Found a faded altar of an unknown god.
   345 | D:1      | Reached XP level 2. HP: 16/16 MP: 4/6
   353 | D:1      | Learned a level 2 spell: Searing Ray
  1024 | D:1      | Reached XP level 3. HP: 20/20 MP: 5/7
  1223 | D:2      | Reached skill level 1 in Fighting
  1309 | D:2      | Found Riwu's General Store.
  1313 | D:2      | Bought a scroll of identify for 28 gold pieces
  1480 | D:2      | Reached skill level 6 in Conjurations
  1919 | D:3      | Reached XP level 4. HP: 20/25 MP: 3/8
  2301 | D:3      | Noticed Robin
  2328 | D:3      | Killed Robin
  2593 | D:3      | Found a runed translucent door.
  2594 | D:3      | Noticed Crazy Yiuf
  2601 | D:3      | Killed Crazy Yiuf
  2602 | D:3      | Gained mutation: Your magical nature lets you fly swiftly
                  | and evasively. [Tengu growth]
  2602 | D:3      | Reached XP level 5. HP: 9/30 MP: 3/10
  2865 | D:3      | Noticed Grinder
  2869 | D:3      | Paralysed by Grinder for 4 turns
  2879 | D:3      | Killed from afar by Grinder

Illustrated notes

Levels and vault maps discovered:
D:1:      amcnicky_arrival_gap_in_the_tavern_cellar, layout_loops_corners,
          shapermc_ecumenical_altar_mp_ritualfount
D:2:      layout_basic, serial_shops, nicolae_shop_crystal
D:3:      layout_loops_ring, mainiacjoe_overflow_cross_hatched, fountainhead,
          uniq_crazy_yiuf_cottage, uniq_robin, uniq_grinder

Skill      XL: |  1  2  3  4 |
---------------+-------------+-----
Fighting       | 1 |  1.6
Conjurations   | 6 |  6.5
Dodging        | 3 |  3.1
Stealth        | |  2.0
Spellcasting   | |  2.6

Action                   |  1- 3 |  4- 6 || total
-------------------------+-------+-------++-------
Melee: Short sword       |    20 |       ||    20
       Kick              |     7 |     1 ||     8
       Peck              |     2 |     5 ||     7
       Unarmed           |     1 |       ||     1
       Punch             |     1 |       ||     1
       War axe           |     8 |    15 ||    23
 Cast: Magic Dart        |    68 |    13 ||    81
       Searing Ray       |       |     2 ||     2
  Use: Scroll            |     1 |       ||     1
       Potion            |       |     2 ||     2
 Stab: Sleeping          |     1 |       ||     1
Armor: Robe              |     3 |       ||     3
       Leather armour    |       |     5 ||     5
Dodge: Dodged            |    25 |    12 ||    37
Block: Other             |     3 |     4 ||     7

Table legend: (Time is in decaauts)
 A = Elapsed time spent in this place.
 B = Non-inter-level travel time spent in this place.
 C = Inter-level travel time spent in this place.
 D = Time resting spent in this place.
 E = Time spent auto-exploring this place.
 F = Levels seen in this place.
 G = Mean time per level.
                   A        B        C        D        E       F      G
               +--------+--------+--------+--------+--------+-----+--------+
         Total |   2884 |   2843 |     41 |      0 |   2527 |   3 |  961.3 |
       Dungeon |   2884 |   2843 |     41 |      0 |   2527 |   3 |  961.3 |
               +--------+--------+--------+--------+--------+-----+--------+

Top non-repeatable levels by time:
     D:1: 1220 daAuts
     D:3: 1093 daAuts
     D:2: 570 daAuts
